cohdb
Replays
Latest Replays
All Replays
Popular Replays
Top Player Replays
Match Explorer
How It Works
Community
CoH3 Stats
Reddit
Sign in to upload your games and track your stats! →
Sign in with Steam
Match 37915188
Unlisted
Match 37915188
Overview
Messages
Build Orders
End
Royal Engineer Section
Selects Heavy Armor Battlegroup
Selects Heavy Armor Battlegroup
Vickers Machine Gun Team
Royal Engineer Section
Construct Section Command Post
Infantry Section
Construct Field Infirmary
Selects Rigorous Vehicle Training
Construct Platoon Command Post
Humber Armored Car
6-pounder Anti-tank Gun Team
Infantry Section
Construct Company Command Post
Foot Guards Section
Crusader II Medium Tank
Grenade Package
Selects Crusader AA Medium Tank
Selects UNKNOWN (2162094)
Churchill IV Heavy Tank
Foot Guards Section
Unlock M3 Grant Medium Tanks
3HappyDolphin
(502) Bad Gateway
0
0
Comments
sign in to comment!
No comments posted yet!